 Dungeon Crawl Stone Soup version 0.30-a0-1114-gd936c97349 (webtiles) character file.

Game seed: 6078665462469667980

9583 lunkers the Basher (level 12, 0/100 (104) HPs)
             Began as a Meteoran Wanderer on Apr 20, 2023.
             Was a High Priest of Okawaru.
             Slain by Sonja the meliai
             ... wielding a +1 dagger of draining
              (8 damage)
             ... on level 12 of the Dungeon.
             The game lasted 00:16:20 (5256 turns).

lunkers the Basher (Meteoran Wanderer)              Turns: 5256, Time: 00:16:21

HP:   0/100 (104)   AC: 15    Str: 22    XL:     12   Next: 7%
MP:   17/19         EV: 17    Int: 12    God:    Okawaru [*****.]
Gold: 585           SH:  0    Dex: 13    Spells: 13/13 levels left

rFire   . . .      SeeInvis .    a - +8 mace of Upheaval {freeze, rElec}
rCold   . . .      Faith    .    (no shield)
rNeg    . . .      Spirit   .    q - +0 ring mail {Will+}
rPois   .          Reflect  .    (no helmet)
rElec   +          Rampage  .    k - +2 cloak
rCorr   .                        (no gloves)
Will    ++...                    (no boots)
Stlth   +                        x - amulet of regeneration
HPRegen 1.16/turn                c - +4 ring of protection
MPRegen 0.16/turn                (no ring)

@: heroic, glowing, lightly drained
A: sense surroundings 2, otherworldly, glowing, explore regen
a: Renounce Religion, Heroism, Finesse, Duel


You were on level 12 of the Dungeon.
You worshipped Okawaru.
Okawaru was extremely pleased with you.
You visited 1 branch of the dungeon, and saw 12 of its levels.

You collected 585 gold pieces.

Inventory:

Hand Weapons
 a - the +8 mace of Upheaval (weapon) {freeze, rElec}
   (You found it on level 2 of the Dungeon)

   rElec:     It insulates you from electricity.
 p - a +1 great mace of draining
Armour
 k - a +2 cloak (worn)
 q - a +0 ring mail of willpower (worn)
 v - a +1 ring mail of poison resistance
Jewellery
 c - a +4 ring of protection (left hand)
 j - the necklace of Bloodlust {Fury *Rage Will++ Int-3 Slay+6}
   (You found it on level 3 of the Dungeon)

   [amulet of nothing]

   Fury:      It extends the wearer's berserk rage when killing foes.
   Int:       It affects your intelligence (-3).
   Slay:      It affects your accuracy & damage with ranged weapons and melee
   (+6).
   *Rage:     It berserks you when you make melee attacks (+50% chance).
   Will:      It greatly increases your willpower.
 x - an amulet of regeneration (around neck)
 y - an amulet of regeneration
Wands
 b - a wand of flame (52)
 f - a wand of quicksilver (5)
 r - a wand of roots (2)
 w - a wand of paralysis (2)
 C - a wand of mindburst (7)
Scrolls
 e - 2 scrolls of vulnerability
 h - 4 scrolls of enchant armour
 s - a scroll of fog
 B - a scroll of enchant weapon
Potions
 d - 8 potions of curing
 g - a potion of cancellation
 i - 2 potions of resistance
 l - 5 potions of haste
 m - 6 potions of lignification
 n - 2 potions of brilliance
 o - 2 potions of mutation
 u - a potion of berserk rage
 z - a potion of flight {unknown}
 A - 2 potions of attraction {unknown}


   Skills:
 + Level 9.2(14.2) Fighting
 - Level 2.8(7.8) Short Blades
 - Level 12.0(17.0) Maces & Flails
 + Level 9.3(14.3) Armour
 + Level 9.6(14.6) Dodging
 - Level 1.0(6.0) Stealth
 - Level 1.3 Spellcasting
 - Level 8.0 Invocations
 * Level 2.4 Evocations


You had 13 spell levels left.
You didn't know any spells.
Your spell library contained the following spells:

 Spells                   Type           Power      Damage    Failure   Level
 Kiss of Death            Conj/Necr      0%         2d5       38%         1
 Magic Dart               Conj           0%         1d3       38%         1
 Mephitic Cloud           Conj/Pois/Air  0%         N/A       77%         3
 Ozocubu's Armour         Ice            0%         N/A       77%         3
 Portal Projectile        Hex/Tloc       0%         N/A       77%         3
 Blade Hands              Tmut           0%         N/A       100%        5
 Metabolic Englaciation   Hex/Ice        0%         N/A       100%        5
 Ozocubu's Refrigeration  Ice            0%         4d7       100%        7
 Call Imp                 Summ           Unusable   N/A       N/A         2
 Tukima's Dance           Hex            Unusable   N/A       N/A         3
 Simulacrum               Ice/Necr       Unusable   N/A       N/A         6

Dungeon Overview and Level Annotations

Branches:
Dungeon (12/15) Zot: 1685  Temple (0/1) D:6
   Lair: D:8-11         Orc: D:9-12

Altars:
Cheibriados
Kikubaaqudgha
Makhleb
Nemelex Xobeh
Okawaru
Qazlal
Sif Muna
Trog
Yredelemnul
The Shining One

Shops:
D:5 [   D:7 :   D:9 *

Annotations:
D:12 Josephine, Sonja


Innate Abilities, Weirdness & Mutations

You passively map the area around you.
You are easily found by Zot.
You glow in the dark.
You regain HP and MP as you explore.


Message History

Press: ? - help, Shift-Dir - straight line, f - Sonja
Aim: Sonja, wielding a +1 dagger of draining and quivering curare-tipped darts (heavily wounded, will become a tengu, an acid dragon, or a black bear, chance to affect: 64%) Sonja evaporates and reforms as a tengu!
Sonja picks up a +1 dagger of draining.
Sonja wields a +1 dagger of draining.
You sense an unholy aura.
Sonja picks up 3 curare-tipped darts.
Aiming: Polymorph
Press: ? - help, Shift-Dir - straight line, f/p - Sonja
Aim: Sonja the tengu, wielding a +1 dagger of draining and quivering curare-tipped darts (will become a sky beast, a meliai, or a swamp drake, chance to affect: 55%) Sonja resists with significant effort.
The two-headed ogre closely misses you. The two-headed ogre barely misses you.
Aiming: Polymorph
Press: ? - help, Shift-Dir - straight line, f/p - Sonja
Aim: Sonja the tengu, wielding a +1 dagger of draining and quivering curare-tipped darts (will become a sky beast, a meliai, or a swamp drake, chance to affect: 55%) Sonja resists with significant effort.
The two-headed ogre hits you but does no damage.
The two-headed ogre hits you with a +0 giant club!!
* * * LOW HITPOINT WARNING * * *
Aiming: Polymorph
Press: ? - help, Shift-Dir - straight line, f/p - Sonja
Aim: Sonja the tengu, wielding a +1 dagger of draining and quivering curare-tipped darts (will become a sky beast, a meliai, or a swamp drake, chance to affect: 55%) Sonja the tengu evaporates and reforms as a meliai!
The now-empty wand crumbles to dust.
Sonja picks up a +1 dagger of draining.
Sonja wields a +1 dagger of draining.
You sense an unholy aura.
Unknown command.
Unknown command.
You feel more confident with your borrowed prowess.
The two-headed ogre hits you but does no damage.
The two-headed ogre hits you with a +0 giant club!!
* * * LOW HITPOINT WARNING * * *
Unknown command.
You thump Sonja! You freeze Sonja.
Sonja is severely wounded.
Sonja hits you but does no damage.
You feel drained. Sonja closely misses you. x2
Sonja stings you but does no damage.
The two-headed ogre hits you with a +0 giant club!!
* * * LOW HITPOINT WARNING * * *
The two-headed ogre hits you with a +0 giant club!
* * * LOW HITPOINT WARNING * * *
Sonja hits you with a +1 dagger of draining!
You die...

#############*#######
######.........#.##.......,,
....##.#.#####.#..#./..!.. *
, .....#.#.#...#....#.......
.....#.#.#.#.###..#....... *
.......#.#.#...#..#.......
....##.#.#.#.###@.#@W.....,
* ....##.#...#...(y.OWW.....
..<.#########.#####c...... ,
....# #.# ##.####* )#### *
#.# .# .# * ..# * # '#### ,
,, ### , ....#* * + ....#
.... , , , * ,


You could see a centaur warrior, a two-headed ogre, 2 wraiths and Sonja the
meliai.

Vanquished Creatures
  5 two-headed ogres
  A deep elf pyromancer (D:12)
  A manticore (D:11)
  A cyclops (D:11)
  2 unseen horrors
  A troll (D:11)
  Prince Ribbit (D:8)
  A shadow (D:11)
  6 yaks (D:9)
  Eustachio (D:5)
  A wraith (D:11)
  2 acid dragons
  The ghost of Zvl3 the Digger, an amateur GrEE (D:4)
  2 water moccasins
  An orc warrior (D:11)
  4 black bears
  3 ice beasts
  4 ogres
  2 centaurs
  2 phantoms (D:6)
  A kobold brigand (D:10)
  A scorpion (D:6)
  9 killer bees (D:7)
  A howler monkey (D:10)
  3 hounds
  4 orc priests
  A gnoll bouda (D:8)
  A jelly (D:5)
  3 sleepcaps (D:4)
  An iguana (D:6)
  9 orc wizards
  9 gnolls
  4 adders
  3 shadow imps
  A dart slug (D:1)
  19 orcs
  3 endoplasms (D:2)
  4 giant cockroaches
  3 goblins
  6 hobgoblins
  4 quokkas
  7 ball pythons
  6 bats
  4 frilled lizards (D:2)
  8 kobolds
  3 rats
  A spectral orc (D:6)
161 creatures vanquished.

Vanquished Creatures (others)
  An orc (D:5)
  12 fungi (D:5)
13 creatures vanquished.

Grand Total: 174 creatures vanquished

Notes
Turn   | Place    | Note
-------+----------+-------------------------------------------
     0 | D:1      | lunkers the Meteoran Wanderer began the quest for the Orb.
     0 | D:1      | lunkers set off with the following items: a +0 short sword,
                  | a wand of flame (19), a +0 scale mail, a potion of curing.
     0 | D:1      | Reached XP level 1. HP: 19/19 MP: 3/3
   156 | D:1      | Reached XP level 2. HP: 26/26 MP: 5/5
   184 | D:1      | Found a faded altar of an unknown god.
   191 | D:1      | Got Plato's Volume of the Fifth Circle
   192 | D:1      | Prayed at the altar of an unknown god.
   192 | D:1      | Became a worshipper of Warmaster Okawaru
   192 | D:1      | Reached * piety under Okawaru
   437 | D:2      | Reached XP level 3. HP: 31/31 MP: 6/6
   463 | D:2      | Identified the +8 mace of Upheaval {freeze, rElec}
   520 | D:2      | Reached skill level 1 in Maces & Flails
   522 | D:2      | Reached skill level 1 in Invocations
   572 | D:2      | Reached XP level 4. HP: 26/38 MP: 7/7
   579 | D:2      | Reached skill level 2 in Maces & Flails
   667 | D:3      | Found the necklace of Bloodlust {Fury *Rage Will++ Int-3
                  | Slay+6}
   999 | D:4      | Reached skill level 3 in Maces & Flails
   999 | D:4      | Reached XP level 5. HP: 45/45 MP: 8/8
  1026 | D:4      | Reached skill level 4 in Maces & Flails
  1075 | D:4      | Found a large runed translucent door.
  1076 | D:4      | Found a large runed translucent door.
  1094 | D:4      | Noticed Zvl3's ghost (amateur GrEE)
  1117 | D:4      | Killed Zvl3's ghost
  1117 | D:4      | Reached ** piety under Okawaru
  1118 | D:4      | Reached skill level 5 in Maces & Flails
  1118 | D:4      | Reached XP level 6. HP: 45/51 MP: 6/9
  1157 | D:4      | Reached skill level 6 in Maces & Flails
  1291 | D:5      | Entered Level 5 of the Dungeon
  1303 | D:5      | Reached XP level 7. HP: 54/57 MP: 10/10
  1304 | D:5      | Reached skill level 7 in Maces & Flails
  1357 | D:5      | Reached skill level 8 in Maces & Flails
  1414 | D:5      | Reached *** piety under Okawaru
  1415 | D:5      | Reached XP level 8. HP: 46/63 MP: 11/11
  1417 | D:5      | Noticed Eustachio
  1427 | D:5      | Killed Eustachio
  1428 | D:5      | Reached skill level 9 in Maces & Flails
  1445 | D:5      | Found a sparkling altar of Nemelex Xobeh.
  1458 | D:5      | Found a snail-covered altar of Cheibriados.
  1468 | D:5      | Reached skill level 10 in Maces & Flails
  1608 | D:5      | Found Yegara's Dragon-Slaying Spoils.
  1759 | D:6      | Identified the +1 robe of Oblivion {+Blink Regen+ Str-2
                  | Int+3}
  1789 | D:6      | Reached skill level 5 in Invocations
  1871 | D:6      | Found a basalt altar of Yredelemnul.
  1885 | D:6      | Reached **** piety under Okawaru
  1886 | D:6      | Gained mutation: You passively map the area around you.
                  | [Meteoran growth]
  1886 | D:6      | Reached XP level 9. HP: 37/70 MP: 15/15
  1959 | D:6      | Found a staircase to the Ecumenical Temple.
  2383 | D:7      | Found Loeniw's Book Boutique.
  2605 | D:7      | Reached skill level 5 in Fighting
  2696 | D:8      | Noticed Prince Ribbit
  2706 | D:8      | Reached skill level 11 in Maces & Flails
  2706 | D:8      | Reached XP level 10. HP: 81/81 MP: 16/16
  2707 | D:8      | Killed Prince Ribbit
  2737 | D:8      | Reached ***** piety under Okawaru
  2889 | D:8      | Identified the +1 war axe "Newt's Regret" {elec, rF- Str+6
                  | Stlth+}
  2964 | D:8      | Noticed a two-headed ogre
  2969 | D:8      | Killed a two-headed ogre
  2970 | D:8      | Reached skill level 5 in Armour
  2970 | D:8      | Reached skill level 5 in Dodging
  3255 | D:9      | Reached skill level 12 in Maces & Flails
  3600 | D:10     | Entered Level 10 of the Dungeon
  3648 | D:10     | Found an ancient bone altar of Kikubaaqudgha.
  3653 | D:10     | Found a shimmering blue altar of Sif Muna.
  3653 | D:10     | Found a bloodstained altar of Trog.
  3653 | D:10     | Found a stormy altar of Qazlal.
  3654 | D:10     | Found a burning altar of Makhleb.
  3664 | D:10     | Reached XP level 11. HP: 86/91 MP: 18/18
  3669 | D:10     | Noticed a two-headed ogre
  3684 | D:10     | Killed a two-headed ogre
  3791 | D:10     | Noticed a two-headed ogre
  3796 | D:10     | Killed a two-headed ogre
  3796 | D:10     | Received a gift from Okawaru
  3940 | D:10     | Noticed a two-headed ogre
  3949 | D:10     | Killed a two-headed ogre
  4123 | D:11     | Noticed a cyclops
  4131 | D:11     | Killed a cyclops
  4131 | D:11     | Received a gift from Okawaru
  4503 | D:11     | Noticed a two-headed ogre
  4513 | D:11     | Killed a two-headed ogre
  4513 | D:11     | Reached ****** piety under Okawaru
  4524 | D:11     | Noticed a manticore
  4543 | D:11     | Killed a manticore
  4875 | D:8      | Found a glowing golden altar of the Shining One.
  5070 | D:9      | Found Jexzy's Assorted Antiques.
  5076 | D:9      | Reached XP level 12. HP: 99/104 MP: 19/19
  5199 | D:12     | Noticed a deep elf pyromancer
  5203 | D:12     | Killed a deep elf pyromancer
  5238 | D:12     | Noticed a centaur warrior
  5238 | D:12     | Noticed a two-headed ogre
  5239 | D:12     | Noticed Sonja
  5242 | D:12     | Noticed Josephine
  5250 | D:12     | Sonja changed into Sonja the tengu
  5250 | D:12     | Noticed Sonja
  5253 | D:12     | Sonja the tengu changed into Sonja the meliai
  5253 | D:12     | Noticed Sonja
  5256 | D:12     | Slain by Sonja the meliai

Illustrated notes

Levels and vault maps discovered:
D:1:      dpeg_arrival_oval, layout_loops_ring,
          shapermc_ecumenical_altar_rom_forum
D:2:      layout_rooms, minmay_tree_intersection,
          chequers_serial_rivers_small_b, minmay_lizard_pond
D:3:      minmay_octagon_keep, layout_loops_ring, cheibrodos_sewer_entry_bend
D:4:      layout_rooms, ebering_ghost_disaster_area
D:5:      layout_cave_pools, mainiacjoe_overflow_catch_the_wave,
          nrook_pool_corridor, nicolae_shop_dragon_depot, uniq_eustachio
D:6:      layout_loops_ring, yredelemnul_forgotten_temple_becter, temple_pool_b,
          uniq_edmund
D:7:      layout_loops_corners, nicolae_ru_path_of_blood, minitemple,
          serial_shops, nicolae_book_shop_shelving, kennysheep_generic_room_10,
          uniq_duvessa
D:8:      layout_loops_corners, kennysheep_mini_moat, uniq_prince_ribbit1
D:9:      layout_basic, serial_shops, shop_fountains
D:10:     layout_rooms, grunt_temple_overflow_open,
          chequers_serial_rivers_marsh, st_stairs_2
D:11:     layout_grid_maze, lair_entry_dummy
D:12:     layout_roguey [special_room_orc], david_orc_5, minmay_fountain_box,
          uniq_josephine, uniq_sonja, uniq_fannar, uniq_snorg

Skill      XL: |  1  2  3  4  5  6  7  8  9 10 11 |
---------------+----------------------------------+-----
Short Blades   | 2 |  2.8
Maces & Flails | 1 3 5 6 8 10 11 12 | 12.0
Invocations    | 1 2 3 7 8 |  8.0
Armour         | 4 6 9 |  9.3
Dodging        | 4 6 9 |  9.6
Fighting       | 5 6 9 |  9.2
Stealth        | |  1.0
Spellcasting   | |  1.3
Evocations     | |  2.4

Action                     |  1- 3 |  4- 6 |  7- 9 | 10-12 || total
---------------------------+-------+-------+-------+-------++-------
  Melee: Short sword       |    72 |       |       |       ||    72
         Mace              |    19 |    54 |   126 |   150 ||   349
         Punch             |     1 |     1 |     2 |     4 ||     8
 Invoke: Heroism           |       |     1 |     1 |     6 ||     8
  Evoke: Wand              |       |       |       |     4 ||     4
    Use: Scroll            |       |     5 |     4 |    10 ||    19
 Armour: Scale mail        |    50 |    29 |     2 |       ||    81
         Ring mail         |       |       |    50 |    78 ||   128
  Dodge: Dodged            |    37 |    31 |    64 |    76 ||   208

Table legend: (Time is in decaauts)
 A = Elapsed time spent in this place.
 B = Non-inter-level travel time spent in this place.
 C = Inter-level travel time spent in this place.
 D = Time resting spent in this place.
 E = Time spent auto-exploring this place.
 F = Levels seen in this place.
 G = Mean time per level.
                   A        B        C        D        E       F      G
               +--------+--------+--------+--------+--------+-----+--------+
         Total |   5513 |   5178 |    335 |     15 |   3423 |  12 |  459.4 |
       Dungeon |   5513 |   5178 |    335 |     15 |   3423 |  12 |  459.4 |
               +--------+--------+--------+--------+--------+-----+--------+

Top non-repeatable levels by time:
    D:11: 755 daAuts
     D:8: 677 daAuts
     D:9: 632 daAuts
     D:7: 530 daAuts
    D:10: 525 daAuts
     D:5: 474 daAuts
     D:6: 430 daAuts
     D:1: 394 daAuts
     D:4: 384 daAuts
     D:3: 355 daAuts
     D:2: 230 daAuts
    D:12: 121 daAuts
